Map: Abiogenesis LE

Players

Infamous

  • Race: Protoss Protoss
  • League: Silver
  • Spawn Location: 11:00

Darrrkstar - Winner!

  • Race: Protoss Protoss
  • League: Platinum
  • Spawn Location: 5:00

VOD

Have the link to the VOD?

Description

Time

  • Played on: April 10, 2018, 1:52 p.m.
  • Length: 11:03
Show
View Real Time Build Order
Export as new Build Order

Infamous Protoss 

Build Orders:  

Get SALT Encoding   

  12  0:00  Probe  
  13  0:17  Pylon  
  13  0:19  Probe (Chrono Boost)  
  14  0:28  Probe (Chrono Boost)  
  15  0:36  Gateway  
  15  0:39  Probe  
  16  0:51  Probe  
  16  0:54  Assimilator  
  17  1:04  Probe  
  18  1:12  Gateway  
  18  1:21  Probe  
  18  1:23  Assimilator  
  18  1:29  Cybernetics Core  
  18  1:49  Probe (Chrono Boost)  
  19  1:54  Pylon  
  19  2:01  Probe (Chrono Boost)  
  20  2:07  Probe (Chrono Boost)  
  21  2:15  Stalker (Chrono Boost)  
  21  2:18  Warp Gate  
  21  2:19  Pylon  
  25  2:30  Stalker (Chrono Boost)  
  25  2:45  Robotics Facility  
  25  2:48  Probe  
  26  2:55  Sentry (Chrono Boost)  
  28  3:00  Probe  
  29  3:07  Pylon  
  29  3:10  Sentry (Chrono Boost)  
  31  3:14  Probe  
  32  3:28  Probe  
  32  3:32  Observer  
  34  3:48  Nexus  
  34  3:53  Probe  
  35  3:56  Twilight Council  
  35  3:59  Gateway  
  35  4:10  Immortal (Chrono Boost)  
  35  4:15  Probe  
  40  4:33  Probe  
  41  4:39  Shield Battery  
  41  4:40  Shield Battery  
  37  4:55  Stalker  
  37  4:56  Stalker  
  33  5:23  Stalker x2  
  23  5:58  Probe (Chrono Boost)  
  23  6:00  Probe (Chrono Boost)  
  24  6:06  Pylon  
  24  6:07  Immortal  
  24  6:09  Probe (Chrono Boost)  
  24  6:11  Probe (Chrono Boost)  
  26  6:17  Probe (Chrono Boost), Sentry  
  29  6:31  Probe, Pylon  
  30  6:43  Stalker  
  30  6:45  Sentry  
  35  6:54  Probe x2  
  36  7:07  Stalker x2  
  40  7:17  Probe  
  41  7:24  Stalker  
  41  7:27  Probe  
  41  7:29  Probe  
  33  8:09  Stalker x3  
  35  8:20  Immortal  
  35  8:31  Probe (Chrono Boost)  
  37  8:36  Probe (Chrono Boost)  
  37  8:38  Sentry  
  37  8:39  Zealot x2  
  43  8:45  Probe (Chrono Boost)  
  44  8:51  Probe  
  44  8:55  Probe  
  46  9:00  Sentry  
  46  9:02  Stalker  
  50  9:09  Stalker  
  38  9:49  Stalker x3  
  42  9:58  Probe x2  
  42  10:11  Nexus  
  42  10:13  Pylon  
  42  10:15  Pylon  
  42  10:18  Probe x2  
  42  10:21  Sentry  
  46  10:24  Stargate  
  46  10:30  Probe  
  46  10:35  Stalker  
  49  10:49  Forge  
Show
View Real Time Build Order
Export as new Build Order

Darrrkstar Protoss - Winner!

Build Orders: Oracle Opening 

Get SALT Encoding   

  12  0:02  Probe  
  14  0:14  Probe  
  14  0:18  Pylon  
  14  0:26  Probe  
  15  0:38  Probe (Chrono Boost)  
  15  0:41  Gateway  
  17  0:50  Probe (Chrono Boost)  
  17  0:56  Gateway  
  17  0:58  Probe (Chrono Boost)  
  18  1:08  Probe, Assimilator  
  19  1:20  Probe (Chrono Boost)  
  19  1:22  Pylon  
  21  1:32  Probe (Chrono Boost)  
  21  1:38  Zealot  
  23  1:45  Probe (Chrono Boost)  
  22  1:49  Zealot  
  25  1:55  Cybernetics Core  
  25  2:06  Probe (Chrono Boost)  
  25  2:07  Assimilator  
  26  2:16  Pylon  
  26  2:17  Probe (Chrono Boost)  
  26  2:22  Probe (Chrono Boost)  
  28  2:30  Warp Gate (Chrono Boost)  
  28  2:35  Adept x2  
  32  2:38  Probe  
  33  2:51  Stargate  
  33  2:56  Probe  
  34  3:02  Adept  
  36  3:08  Probe, Adept  
  39  3:19  Pylon  
  39  3:27  Forge  
  39  3:37  Oracle  
  42  3:44  Pylon  
  42  3:51  Pylon, Probe  
  43  4:02  Photon Cannon  
  43  4:04  Probe  
  44  4:14  Photon Cannon  
  44  4:16  Probe (Chrono Boost)  
  45  4:25  Protoss Ground Weapons Level 1  
  45  4:26  Probe (Chrono Boost)  
  46  5:17  Void Ray  
  46  5:20  Stalker x2  
  39  5:51  Protoss Air Armor Level 1  
  39  5:53  Nexus  
  39  5:58  Probe (Chrono Boost)  
  39  6:02  Void Ray  
  44  6:06  Stargate  
  44  6:08  Probe (Chrono Boost)  
  45  6:12  Probe (Chrono Boost)  
  46  6:20  Assimilator  
  46  6:25  Assimilator  
  47  6:26  Probe (Chrono Boost)  
  47  6:34  Probe (Chrono Boost), Zealot  
  47  6:35  Gateway  
  47  6:36  Pylon, Sentry  
  52  6:40  Probe  
  52  6:45  Phoenix  
  55  6:57  Probe  
  55  7:01  Protoss Shields Level 1 (Chrono Boost)  
  56  7:09  Probe  
  56  7:12  Probe  
  58  7:20  Stalker  
  58  7:21  Probe  
  58  7:22  Stalker  
  63  7:24  Probe  
  64  7:33  Probe, Photon Cannon  
  65  7:37  Pylon  
  65  7:42  Void Ray  
  69  7:46  Protoss Air Weapons Level 1  
  67  7:55  Stalker x2  
  67  7:57  Sentry  
  55  8:24  Void Ray  
  55  8:25  Stalker x2  
  55  8:26  Stalker  
  65  8:41  Gateway  
  65  8:42  Gateway  
  65  8:44  Gateway  
  65  9:03  Pylon  
  65  9:04  Photon Cannon  
  65  9:05  Stalker, Zealot  
  65  9:06  Pylon  
  65  9:07  Adept  
  65  9:09  Photon Cannon  
  71  9:15  Phoenix  
  73  9:27  Twilight Council  
  73  9:35  Stalker x3  
  69  10:05  Nexus  
  69  10:06  Stalker  
  69  10:07  Stalker x2  
  73  10:09  Sentry  
  73  10:10  Sentry  
  79  10:29  Stalker  
  79  10:31  Sentry  
  83  10:42  Robotics Facility  
  83  10:47  Probe x2  
  85  10:54  Photon Cannon  
Tags
 
Add a new tag
Caveats
  • Supply blocks, unpowered buildings, or Contaminate may cause inaccurate times.
  • Supply counts are checked every 10 seconds.